 Dungeon Crawl Stone Soup version 0.14-a0-2691-g997c442 (webtiles) character file.

130 Psiweapon the Chucker (level 3, -3/37 HPs)
             Began as an Ogre Hunter on Feb 18, 2014.
             Slain by an adder (5 damage)
             ... on Level 2 of the Dungeon.
             The game lasted 00:07:59 (1487 turns).

Psiweapon the Chucker (Ogre Hunter)                 Turns: 1487, Time: 00:07:59

HP  -3/37        AC  3     Str 18      XL: 3   Next: 75%
MP   3/3         EV 10     Int 10      God:
Gold 81          SH  0     Dex 10      Spells:  0 memorised,  2 levels left

rFire  + . .     SeeInvis .     a - +1 club
rCold  . . .     Clarity  .     d - +0 animal skin
rNeg   . . .     Conserve .     (shield restricted)
rPois  .         rCorr    .     (helmet restricted)
rElec  .         rRot     .     (no cloak)
SustAb . .       Spirit   .     (gloves unavailable)
rMut   .         Warding  .     (boots unavailable)
Saprov + . .     Stasis   .     (no amulet)
MR     +....                    m - ring of protection from fire {unknown}
                                n - ring of protection from magic {unknown}

@: mildly poisoned, somewhat resistant to hostile enchantments, unstealthy
A: unfitting armour, fast metabolism 1, saprovore 1, tough skin 1
a: no special abilities


You were on level 2 of the Dungeon.
You were not hungry.

You visited 1 branch of the dungeon, and saw 2 of its levels.

You collected 81 gold pieces.

Inventory:

Hand weapons
 a - a +1,+1 club (weapon)
Missiles
 b - 5 large rocks
 c - 2 throwing nets
 t - 5 darts (quivered)
Armour
 d - a +0 animal skin (worn)
Comestibles
 f - 3 meat rations
 i - a choko
 k - an apple
 l - a rotting chunk of bat flesh
 o - 2 chunks of bat flesh
 r - a rotting chunk of bat flesh
 s - 2 rotting chunks of quokka flesh
 u - a chunk of rat flesh
 v - a chunk of quokka flesh
Scrolls
 e - 4 scrolls of identify {unknown}
 g - a scroll of blinking {unknown}
 h - 2 scrolls of noise {unknown}
 j - a scroll of recharging {unknown}
 q - 2 scrolls of remove curse {unknown}
Jewellery
 m - a ring of protection from fire (right hand) {unknown}
 n - a ring of protection from magic (left hand) {unknown}
Potions
 p - a potion of speed {unknown}


   Skills:
 + Level 3.6 Fighting
 + Level 2.0 Maces & Flails
 - Level 4.3 Throwing
 + Level 2.2 Dodging
 + Level 1.9 Stealth


You had 2 spell levels left.
You didn't know any spells.

Dungeon Overview and Level Annotations

Branches:
Dungeon (2/16)

Altars:


Innate Abilities, Weirdness & Mutations

You are too large for most types of armour.
You have a fast metabolism.
You can tolerate rotten meat.
You have tough skin (AC +1).


Message History

You hit the adder but do no damage.
The adder is severely wounded.
You feel sick. The adder bites you.
* * * LOW HITPOINT WARNING * * *
The adder bites you.
* * * LOW HITPOINT WARNING * * *
You hit the adder but do no damage.
The adder is severely wounded.
The adder bites you.
* * * LOW HITPOINT WARNING * * *
You miss the adder.
The adder is severely wounded.
The adder bites you.
* * * LOW HITPOINT WARNING * * *
The adder bites you.
* * * LOW HITPOINT WARNING * * *
You hit the adder.
The adder is severely wounded.
The adder barely misses you. The adder bites you.
You die...

#%##......#..#
####...#.#####..###
##......#.### #...(.
...#...........# #....###.
#...............# .........
..(.....##......# .......#
.....########.######.#....##
.....
..#####.###............ ...
.........@Sg............ .
..#####l###...#....#... #.#
######...# #.# ...# ... ..#
... ### #.... #...# ....#


You could see an adder, a goblin and a giant newt.

Vanquished Creatures
  An adder (D:2)
  5 bats
  5 goblins
  4 hobgoblins
  A jackal (D:1)
  2 quokkas (D:2)
  3 giant cockroaches (D:1)
  3 giant newts (D:1)
  9 kobolds
  5 rats
38 creatures vanquished.

Notes
Turn   | Place    | Note
--------------------------------------------------------------
     0 | D:1      | Psiweapon, the Ogre Hunter, began the quest for the Orb.
     0 | D:1      | Reached XP level 1. HP: 22/22 MP: 1/1
   356 | D:1      | Upgraded the game from 0.14-a0-2679-gcb94c3d to 0.14-a0-2691-g997c442
   419 | D:1      | Reached skill level 1 in Stealth
   424 | D:1      | Reached XP level 2. HP: 25/31 MP: 2/2
  1134 | D:1      | Reached XP level 3. HP: 34/37 MP: 3/3
  1487 | D:2      | Slain by an adder

Action                   || total
-------------------------++-------
Melee: Club              ||   137
Throw: Large rock        ||     5
       Dart              ||     5
 Stab: Sleeping          ||     1
       Distracted        ||     1
